 Dungeon Sprint DCSS version 0.29-a0-997-gf6f7e2dfe7 (webtiles) character file.

Game seed: 14537377460932925399

64 123456 the Trooper (level 3, -19/38 HPs)
             Began as a Minotaur Fighter on Aug 4, 2022.
             Demolished by an ogre
             ... wielding a +0 giant spiked club
              (21 damage)
             ... in the Dungeon (Sprint IX: "|||||||||||||||||||||||||||||").
             The game lasted 00:00:10 (100 turns).

123456 the Trooper (Minotaur Fighter)                Turns: 100, Time: 00:00:10

Health: -19/38     AC:  7    Str: 20    XL:     3   Next: 91%
Magic:  2/2        EV: 10    Int:  5    God:
Gold:   0          SH:  4    Dex: 11    Spells: 2/2 levels left

rFire   . . .      SeeInvis .   a - +0 flail
rCold   . . .      Faith    .   c - +0 buckler
rNeg    . . .      Spirit   .   b - +0 scale mail
rPois   .          Reflect  .   (helmet restricted)
rElec   .          Harm     .   (no cloak)
rCorr   .          Rampage  .   (no gloves)
Will    .....      NoTele   +   (no boots)
Stlth   ..........              (no amulet)
HPRegen 0.12/turn               (no ring)
MPRegen 0.08/turn               (no ring)

@: no status effects
A: horns 2, retaliatory headbutt
a: no special abilities


You were in the Dungeon.
You visited 1 branch

Inventory:

Hand Weapons
 a - a +0 flail (weapon)
Armour
 b - a +0 scale mail (worn)
 c - a +0 buckler (worn)
Scrolls
 j - a scroll of blinking
Potions
 d - a potion of might
 e - a potion of curing
 f - a potion of heal wounds
 g - a potion of haste
 h - 2 potions of magic
 i - a potion of berserk rage


   Skills:
 * Level 6.4 Fighting
 * Level 5.8 Maces & Flails
 + Level 5.2 Armour
 + Level 3.0 Dodging
 - Level 3.6 Shields


You had 2 spell levels left.
You didn't know any spells.
Your spell library was empty.

Dungeon Overview and Level Annotations

Branches:
Dungeon (1/1)

Altars:


Innate Abilities, Weirdness & Mutations

You have a pair of horns on your head.
You reflexively headbutt those who attack you in melee.


Message History

The adder bites you but does no damage. x2
You miss the adder. Your headbutt misses the adder.
The adder is almost dead.
The adder bites you but does no damage.
You miss the adder.
The adder is almost dead.
The adder closely misses you. The adder bites you but does no damage.
You hit the adder.
You kill the adder!
Your Dodging skill increases to level 3!
You barely miss the orc. The orc hits you with a +0 hand axe.
You hit the orc. You headbutt the orc.
You kill the orc!
The ogre hits you with a +0 giant spiked club!
You are too injured to fight recklessly!
You are too injured to fight recklessly!
You are too injured to fight recklessly!
You are too injured to fight recklessly!
You are too injured to fight recklessly!
You are too injured to fight recklessly!
You are too injured to fight recklessly!
You are too injured to fight recklessly!
You are too injured to fight recklessly!
You are too injured to fight recklessly!
You are too injured to fight recklessly!
You are too injured to fight recklessly!
You are too injured to fight recklessly!
You are too injured to fight recklessly!
You are too injured to fight recklessly!
You are too injured to fight recklessly!
You hit the ogre but do no damage. You hit the ogre.
Your headbutt misses the ogre.
The ogre is moderately wounded.
The ogre hits you with a +0 giant spiked club!
* * * LOW HITPOINT WARNING * * *
You hit the ogre.
The ogre is moderately wounded.
The ogre hits you with a +0 giant spiked club!!
Ouch! That really hurt!
You die...

▓.▓
▓.▓
▓.▓
▓†▓
▓)▓
▓.▓
▓.▓
▓.▓
▓@▓
▓O▓
▓.▓
▓.▓
▓.▓
▓.▓
▓.▓
▓+▓


You could see an ogre.

Vanquished Creatures
  A howler monkey (D)
  2 adders (D)
  An orc (D)
  A goblin (D)
  A hobgoblin (D)
  A ball python (D)
  2 rats (D)
9 creatures vanquished.

Notes
Turn   | Place    | Note
-------+----------+-------------------------------------------
     0 | D        | 123456 the Minotaur Fighter began the quest for the Orb.
     0 | D        | Reached XP level 1. HP: 19/19 MP: 0/0
     5 | D        | Reached skill level 4 in Fighting
     9 | D        | Reached skill level 1 in Dodging
    83 | D        | Noticed a howler monkey
    83 | D        | Noticed an ogre
    86 | D        | Reached XP level 2. HP: 28/28 MP: 1/1
    88 | D        | Killed a howler monkey
    89 | D        | Reached skill level 6 in Fighting
    89 | D        | Reached skill level 5 in Maces & Flails
    89 | D        | Reached skill level 5 in Armour
    89 | D        | Reached XP level 3. HP: 37/37 MP: 2/2
   100 | D        | Demolished by an ogre

Illustrated notes

Levels and vault maps discovered:
D:        linesprint [early_d, line_temple, items_1, d_10, items_2, lair_1,
          lair_end, items_3, orc_1, orc_end, items_4, d_15, swamp_1, shoals_1,
          snake_1, spider_1, d_20, vaults_1, items_5, swamp_end, shoals_end,
          snake_end, spider_end, vaults_end, d_27, items_6, zot_1, zot_end,
          crypt_end, forest_end, elf_end, slime_end, tomb_end, abyss_end,
          pan_hell_end]

Skill      XL: |  1  2  3 |
---------------+----------+-----
Fighting       | 4 6 |  6.4
Maces & Flails | 4 5 |  5.8
Dodging        | 1 2 3 |  3.0
Armour         | 4 5 |  5.2
Shields        | |  3.6

Action                   || total
-------------------------++-------
Melee: Flail             ||    26
       Headbutt          ||     2
Armor: Scale mail        ||    11
Dodge: Dodged            ||     8
Block: Buckler           ||     4

Table legend: (Time is in decaauts)
 A = Elapsed time spent in this place.
 B = Non-inter-level travel time spent in this place.
 C = Inter-level travel time spent in this place.
 D = Time resting spent in this place.
 E = Time spent auto-exploring this place.
 F = Levels seen in this place.
 G = Mean time per level.
                   A        B        C        D        E       F      G
               +--------+--------+--------+--------+--------+-----+--------+
         Total |    105 |    105 |      0 |      0 |     72 |   1 |  105.0 |
       Dungeon |    105 |    105 |      0 |      0 |     72 |   1 |  105.0 |
               +--------+--------+--------+--------+--------+-----+--------+

Top non-repeatable levels by time:
       D: 105 daAuts
